 Dungeon Crawl Stone Soup version 0.22.0 (webtiles) character file.

56 Jorund the Magician (level 3, -2/24 HPs)
             Began as a Demonspawn Wizard on Aug 11, 2018.
             Slain by a phantom (9 damage)
             ... on level 2 of the Dungeon.
             The game lasted 00:03:06 (1518 turns).

Jorund the Magician (Demonspawn Wizard)             Turns: 1518, Time: 00:03:06

Health: -2/24      AC:  2    Str:  7    XL:     3   Next: 69%
Magic:  0/8        EV: 12    Int: 20    God:
Gold:   133        SH:  0    Dex: 11    Spells: 9/10 levels left

rFire    . . .     SeeInvis .   g - +0 dagger
rCold    . . .     Gourm    .   (no shield)
rNeg     . . .     Faith    .   a - +0 robe
rPois    .         Spirit   .   b - +0 hat
rElec    .         Reflect  .   (no cloak)
rCorr    .         Harm     .   (no gloves)
MR       .....                  (no boots)
Stlth    ++........             (no amulet)
HPRegen  0.08/turn              (no ring)
MPRegen  0.11/turn              (no ring)

@: very slightly contaminated
A: antennae 1
a: no special abilities


You were on level 2 of the Dungeon.
You were not hungry.

You visited 1 branch of the dungeon, and saw 2 of its levels.

You collected 133 gold pieces.

Inventory:

Hand Weapons
 g - a +0 dagger (weapon)
Armour
 a - a +0 robe (worn)
 b - a +0 hat (worn)
Jewellery
 o - a +3 ring of strength {unknown}
Wands
 p - a wand of polymorph (11)
Scrolls
 e - 2 scrolls of remove curse
 i - 2 scrolls of magic mapping {unknown}
 l - 4 scrolls of identify
Potions
 c - a potion of curing {unknown}
 f - a potion of might
 h - a potion of lignification {unknown}
 j - a potion of heal wounds {unknown}
 k - a potion of degeneration {unknown}
 m - a potion of haste {unknown}
Comestibles
 d - 5 rations
 n - a chunk of flesh


   Skills:
 - Level 1.7 Dodging
 - Level 1.7 Stealth
 + Level 4.2 Spellcasting
 * Level 1.7 Conjurations
   Level 1.0 Summonings
   Level 0.8 Translocations


You had 9 spell levels left.
You knew the following spells:

 Your Spells              Type           Power        Failure   Level  Hunger
a - Magic Dart            Conj           ##..         6%          1    None

Your spell library contained the following spells:

 Spells                   Type           Power        Failure   Level  Hunger
 Conjure Flame            Conj/Fire      #.......     26%         3    ###....
 Slow                     Hex            #.......     19%         2    #......
 Mephitic Cloud           Conj/Pois/Air  #.......     30%         3    ###....
 Blink                    Tloc           N/A          13%         2    #......
 Call Imp                 Summ           #.......     13%         2    #......


Dungeon Overview and Level Annotations

Branches:
Dungeon (2/15)

Altars:
Nemelex Xobeh


Innate Abilities, Weirdness & Mutations

You have a pair of small antennae on your head.


Message History

Casting: Magic Dart (safe; 6% risk of failure)
Confirm with . or Enter, or press ? or * to list all spells.
Aiming: Magic Dart (safe; 6% risk of failure)
Press: ? - help, Shift-Dir - straight line, f/p - phantom
Aim: a phantom (lightly damaged)
You miscast Magic Dart.
You are very lightly contaminated with residual magic.
Your skin tingles.
Unknown command.
Casting: Magic Dart (safe; 6% risk of failure)
Confirm with . or Enter, or press ? or * to list all spells.
Aiming: Magic Dart (safe; 6% risk of failure)
Press: ? - help, Shift-Dir - straight line, f/p - phantom
Aim: a phantom (lightly damaged)
The magic dart hits the phantom.
The phantom is lightly damaged.
The phantom hits you.
* * * LOW HITPOINT WARNING * * *
The phantom hits you!
You die...

#....# #....####..##
##.(## #).#### #...#
##†######.........#.#
#..#.......########..
.#####....###..## #..
.>...#..### #..# #..
#....## #..# #..
#....W####..### #..
##....@.......# #..
##..####...#.#.###
##. #...# #.###.....#
#. .......#.# ##.#
##....## ########.#
#..# ###...#
#####.###.## ##..#
#.........# ####
#.......### #.......#


You could see a phantom.

Vanquished Creatures
  3 adders (D:2)
  A dart slug (D:2)
  A leopard gecko (D:1)
  7 goblins
  3 hobgoblins
  A quokka (D:2)
  2 bats
  6 kobolds
  5 rats
29 creatures vanquished.

Notes
Turn   | Place    | Note
-------+----------+-------------------------------------------
     0 | D:1      | Jorund the Demonspawn Wizard began the quest for the Orb.
     0 | D:1      | Reached XP level 1. HP: 13/13 MP: 4/4
   307 | D:1      | Gained mutation: You have a pair of small antennae on your head. [demonic ancestry]
   307 | D:1      | Reached XP level 2. HP: 19/19 MP: 3/6
   723 | D:1      | Found a sparkling altar of Nemelex Xobeh.
   907 | D:2      | Reached XP level 3. HP: 13/24 MP: 0/8
  1139 | D:2      | Reached skill level 4 in Spellcasting
  1504 | D:2      | Noticed a phantom
  1518 | D:2      | Slain by a phantom

Skill      XL: |  1  2  3 |
---------------+----------+-----
Spellcasting   | 4 |  4.2
Dodging        | |  1.7
Stealth        | |  1.7
Conjurations   | |  1.7
Summonings     | |  1.0
Translocations | |  0.8

Action                   || total
-------------------------++-------
Melee: Dagger            ||    22
 Cast: Magic Dart        ||    69
  Use: Scroll            ||     4
       Potion            ||     1
  Eat: Chunk             ||     2
Armor: Robe              ||     2
Dodge: Dodged            ||    24
